 Dungeon Crawl Stone Soup version 0.31.0 (webtiles) character file.

Game seed: 17322629934449724262

3149 qw the Skirmisher (level 9, 0/59 HPs)
             Began as a Gargoyle Hunter on Jan 20, 2024.
             Slain by a yak (3 damage)
             ... on level 8 of the Dungeon.
             The game lasted 00:00:34 (6174 turns).

qw the Skirmisher (Gargoyle Hunter)                 Turns: 6174, Time: 00:00:35

Health: 0/59       AC: 17    Str: 16    XL:     9   Next: 93%
Magic:  9/9        EV: 12    Int:  9    God:
Gold:   554        SH:  0    Dex: 17    Spells: 8/8 levels left

rFire   . . .        r - +0 orcbow (heavy)
rCold   . . .        (shield currently unavailable)
rNeg    + . .        e - +0 ring mail
rPois   inf          h - +0 helmet
rElec   +            i - +0 cloak
rCorr   .            k - +2 pair of gloves
SInv    .            (no boots)
Will    .....        (no amulet)
Stlth   +            (no ring)
HPRegen 0.29/turn    (no ring)
MPRegen 0.11/turn

%: no passive effects
@: about to teleport
A: sickness immunity, AC +6, negative energy resistance 1, electricity
resistance, torment resistance 1, petrification resistance
a: no special abilities


You were on level 8 of the Dungeon.
You visited 2 branches of the dungeon, and saw 9 of its levels.
You also visited: Sewer.

You collected 554 gold pieces.


Innate Abilities, Weirdness & Mutations

You are immune to sickness and miasma.
Your stone body is resilient. (AC +6)
You are immune to poison.
You resist negative energy. (rN+)
You are resistant to electric shocks. (rElec)
You are resistant to unholy torment.
You are immune to petrification.


   Skills:
 - Level 8.0 Fighting
 + Level 11.2 Ranged Weapons
 - Level 4.0 Armour
 - Level 3.0 Dodging
 - Level 1.1 Stealth


You had 8 spell levels left.
You didn't know any spells.
Your spell library was empty.

Inventory:

Hand Weapons
 r - a +0 heavy orcbow (weapon)
Armour
 e - a +0 ring mail (worn)
 h - a +0 helmet (worn)
 i - a +0 cloak (worn)
 k - a +2 pair of gloves (worn)
Wands
 m - a wand of polymorph (13)
Scrolls
 l - 2 scrolls of teleportation
Potions
 b - a potion of resistance
 g - a potion of cancellation
 j - a potion of might
 n - a potion of haste
 o - a potion of enlightenment {unknown}
 s - a potion of lignification {unknown}

Dungeon Overview and Level Annotations

Branches:
Dungeon (8/15)             Temple (1/1) D:5            Lair (0/5) D:8
  Sewer (visited)

Altars:
Ashenzari
Cheibriados
Dithmenos
Fedhas
Hepliaklqana
Kikubaaqudgha
Makhleb
Nemelex Xobeh
Qazlal
Ru
Sif Muna
Trog
Uskayaw
Vehumet
Wu Jian
Xom
Yredelemnul
Zin
The Shining One


Message History

Beogh smites you!
You hear a shout!
You shoot an arrow. The arrow hits the orc priest!!
You kill the orc priest!
You hear a bellow!
You shoot an arrow. The arrow closely misses the orc.
The orc wizard casts a spell at you. The puff of flame hits you!
An orc comes into view. It is wielding a +0 dagger.
Something hits you but does no damage. The orc barely misses you.
An orc comes into view.
It is wielding a +2 flail of protection.
6167 ||| READING 4 scrolls of teleportation.
As you read the scroll of teleportation, it crumbles to dust.
You feel strangely unstable. Something hits you.
You shoot an arrow. The arrow barely misses the orc wizard.
The arrow barely misses the orc.
You hear some strange, mumbled words.
Something tries to affect you, but you resist.
You shoot an arrow. The arrow hits the orc wizard!!
You kill the orc wizard!
Something hits you but does no damage. x2
You shoot an arrow. The arrow completely misses the orc.
The arrow hits the orc but does no damage.
Your surroundings suddenly seem different. 2 yaks come into view.
Found a scroll of vulnerability.
Found a stone staircase leading down and a staircase to the Lair.
Autopickup is now on.
6171 ||| FLEEEEING.
6172 ||| FLEEEEING.
The orc shouts!
6173 ||| READING 3 scrolls of teleportation.
As you read the scroll of teleportation, it crumbles to dust.
You feel strangely unstable.
The orc throws a stone.
The stone completely misses you.
You shoot an arrow. The arrow hits the yak!!
The yak is heavily wounded.
The yak gores you! The yak closely misses you. The yak gores you.
You die...

#.#)### #.# . .
#...$....# #.#
.#....)..[# #.#
.#..%.oo..# #.#
.........# #..
#...o....##.
...........
##.........#
#.#.@### ....#
##..YY..#^>....
#................
#.............###
#............##
...........?..#
.....##'#.....#
..... ..#.......
... #>.#.....##.


You could see 2 yaks and 3 orcs.

Vanquished Creatures
  A troll (D:7)
  Sigmund (D:2)
  2 steam dragons
  A water moccasin (D:7)
  3 ice beasts
  A black bear (D:4)
  2 ogres (D:7)
  A centaur (D:6)
  2 phantoms
  A kobold brigand (D:3)
  A bullfrog (D:6)
  A gnoll sergeant (D:8)
  4 scorpions
  3 wights (D:7)
  4 killer bees (D:7)
  2 hounds
  4 jellies
  2 orc priests
  Jessica (D:3)
  2 iguanas (D:5)
  7 orc wizards
  A hell rat (Sewer)
  4 gnolls (D:8)
  7 adders
  8 river rats
  A shadow imp (D:7)
  3 ufetubi
  2 ribbon worms
  3 dart slugs
  19 orcs
  11 ball pythons
  10 endoplasms
  8 giant cockroaches
  5 hobgoblins
  8 jackals
  7 quokkas
  8 bats
  16 frilled lizards
  9 goblins
  13 kobolds
  24 rats
213 creatures vanquished.

Notes
Turn   | Place    | Note
-------+----------+-------------------------------------------
     0 | D:1      | qw the Gargoyle Hunter began the quest for the Orb.
     0 | D:1      | Reached XP level 1. HP: 12/12 MP: 1/1
     0 | D:1      | 0 ||| qw: Version: 0.3-a-132-g3d54051
     0 | D:1      | 0 ||| qw: Game counter: 563
     0 | D:1      | 0 ||| qw: Melee chars always use a shield: true
     0 | D:1      | 0 ||| qw: God list: Okawaru
     0 | D:1      | 0 ||| qw: Allow faded altars: false
     0 | D:1      | 0 ||| qw: Do Orc after clearing Dungeon:15 true
     0 | D:1      | 0 ||| qw: Do second Lair branch before Depths: true
     0 | D:1      | 0 ||| qw: Lair rune preference: random
     0 | D:1      | 0 ||| qw: Goals: Normal
     0 | D:1      | 0 ||| PLANNING D:1-11
    74 | D:1      | Found a faded altar of an unknown god.
   114 | D:1      | Reached XP level 2. HP: 17/17 MP: 2/2
   330 | D:1      | Reached XP level 3. HP: 21/21 MP: 3/3
   494 | D:1      | Reached skill level 5 in Ranged Weapons
   829 | D:1      | 829 ||| READING scroll labelled EFOTSADUEC.
   930 | D:1      | 930 ||| DROPPING scroll of butterflies.
   978 | D:2      | 978 ||| STAIRDANCE
   995 | D:2      | 995 ||| STAIRDANCE
  1061 | D:2      | Reached skill level 3 in Fighting
  1206 | D:2      | Reached XP level 4. HP: 28/28 MP: 4/4
  1314 | D:2      | 1314 ||| FLEEEEING.
  1457 | D:2      | Noticed Sigmund
  1458 | D:2      | 1458 ||| ZAPPING wand of acid (9) at 1,2 (Sigmund; floor).
  1459 | D:2      | 1459 ||| ZAPPING wand of acid (8) at 1,2 (Sigmund; floor).
  1460 | D:2      | 1460 ||| ZAPPING wand of acid (7) at 1,2 (Sigmund; floor).
  1461 | D:2      | 1461 ||| ZAPPING wand of acid (6) at 1,2 (Sigmund; floor).
  1462 | D:2      | 1462 ||| ZAPPING wand of acid (5) at 1,2 (Sigmund; floor).
  1462 | D:2      | Killed Sigmund
  1463 | D:2      | Reached skill level 6 in Ranged Weapons
  1463 | D:2      | Reached XP level 5. HP: 32/32 MP: 5/5
  1463 | D:2      | Reached XP level 6. HP: 37/37 MP: 6/6
  1678 | D:2      | 1678 ||| UPGRADING to +0 ring mail.
  1688 | D:2      | 1688 ||| DROPPING +0 leather armour.
  1689 | D:2      | 1689 ||| UPGRADING to +0 cloak.
  1694 | D:2      | 1694 ||| UPGRADING to +0 pair of gloves.
  1699 | D:2      | 1699 ||| READING scroll labelled COYNTIPSEO.
  1699 | D:2      | 1699 ||| ENCHANTING +0 shortbow.
  1700 | D:2      | 1700 ||| READING scroll labelled OFEL DOIGOLUZ.
  1701 | D:2      | 1701 ||| READING scroll labelled KORCHO XO JENK.
  1702 | D:2      | 1702 ||| DRINKING 2 fizzy amethyst potions.
  1703 | D:2      | 1703 ||| DRINKING 2 fuming golden potions.
  1737 | D:3      | Noticed Jessica
  1742 | D:3      | Killed Jessica
  1743 | D:3      | Reached skill level 1 in Armour
  1756 | D:3      | Found a basalt altar of Yredelemnul.
  1758 | D:3      | Found an ancient bone altar of Kikubaaqudgha.
  1759 | D:3      | Found a hide-covered altar of Uskayaw.
  1759 | D:3      | Found a broken altar of Ashenzari.
  1800 | D:3      | Found a bloodstained altar of Trog.
  2183 | D:3      | Reached skill level 7 in Ranged Weapons
  2480 | D:3      | 2480 ||| READING scroll labelled LUVORU ZIHUZIH.
  2481 | D:3      | 2481 ||| FLEEEEING.
  2484 | D:3      | 2484 ||| READING scroll labelled ALEYRE YSMICS.
  2485 | D:3      | 2485 ||| READING scroll labelled DISHUSHYUM.
  2486 | D:3      | 2486 ||| READING scroll labelled HEERGHOTZE.
  2486 | D:3      | 2486 ||| ENCHANTING +0 pair of gloves.
  2498 | D:4      | Noticed a black bear
  2499 | D:4      | 2499 ||| PLANNING SEWER
  2499 | D:4      | 2499 ||| ZAPPING wand of acid (4) at 1,0 (black bear;
                  | floor).
  2500 | D:4      | 2500 ||| ZAPPING wand of acid (3) at 1,0 (black bear;
                  | floor).
  2501 | D:4      | 2501 ||| ZAPPING wand of acid (2) at 1,0 (black bear;
                  | floor).
  2501 | D:4      | Killed a black bear
  2502 | D:4      | Reached XP level 7. HP: 42/44 MP: 7/7
  2625 | D:4      | Found a blossoming altar of Fedhas.
  3103 | D:4      | Found a glowing drain.
  3107 | Sewer    | Entered a sewer
  3266 | Sewer    | 3266 ||| READING scroll of enchant armour.
  3266 | Sewer    | 3266 ||| ENCHANTING +1 pair of gloves.
  3288 | Sewer    | 3288 ||| READING scroll labelled EGATEIDGHUOFU.
  3288 | Sewer    | 3288 ||| IDENTIFYING smoky brown potion
  3296 | D:4      | 3296 ||| PLANNING D:1-11
  3393 | D:5      | Entered Level 5 of the Dungeon
  3433 | D:5      | Reached skill level 8 in Ranged Weapons
  3434 | D:5      | 3434 ||| FLEEEEING.
  3443 | D:5      | 3443 ||| STAIRDANCE
  3543 | D:5      | 3543 ||| FLEEEEING.
  3545 | D:5      | 3545 ||| FLEEEEING.
  3546 | D:5      | 3546 ||| FLEEEEING.
  3549 | D:5      | 3549 ||| FLEEEEING.
  3550 | D:5      | 3550 ||| FLEEEEING.
  3551 | D:5      | 3551 ||| FLEEEEING.
  3552 | D:5      | 3552 ||| STAIRDANCE
  3573 | D:4      | 3573 ||| READING scroll of identify.
  3573 | D:4      | 3573 ||| IDENTIFYING white potion
  3574 | D:4      | 3574 ||| DROPPING potion of brilliance.
  3582 | D:5      | 3582 ||| STAIRDANCE
  3591 | D:4      | Reached XP level 8. HP: 42/49 MP: 8/8
  3615 | D:5      | 3615 ||| STAIRDANCE
  3928 | D:5      | Found a staircase to the Ecumenical Temple.
  3929 | D:5      | 3929 ||| PLANNING TEMPLE
  3929 | D:5      | 3929 ||| READING 2 scrolls of identify.
  3929 | D:5      | 3929 ||| IDENTIFYING fuming purple potion
  3930 | D:5      | 3930 ||| READING scroll of identify.
  3930 | D:5      | 3930 ||| IDENTIFYING fuming inky potion
  3947 | Temple   | Entered the Ecumenical Temple
  3948 | Temple   | 3948 ||| PLANNING D:1-11
  3973 | D:5      | 3973 ||| RETREEEEATING.
  4052 | D:5      | Found a sparkling altar of Nemelex Xobeh.
  4204 | D:5      | Reached skill level 9 in Ranged Weapons
  4204 | D:5      | Found a sacrificial altar of Ru.
  4269 | D:5      | 4269 ||| UPGRADING to +0 helmet.
  4293 | D:6      | Reached skill level 3 in Armour
  4310 | D:6      | 4310 ||| FLEEEEING.
  4312 | D:6      | 4312 ||| STAIRDANCE
  4402 | D:6      | 4402 ||| DRINKING 4 potions of curing.
  4402 | D:6      | 4402 ||| (to cure confusion)
  4406 | D:6      | 4406 ||| DRINKING 3 potions of curing.
  4406 | D:6      | 4406 ||| (to cure confusion)
  4411 | D:6      | 4411 ||| FLEEEEING.
  4422 | D:6      | 4422 ||| FLEEEEING.
  4426 | D:6      | 4426 ||| DRINKING 2 potions of curing.
  4426 | D:6      | 4426 ||| (to cure confusion)
  4428 | D:6      | Reached skill level 6 in Fighting
  4682 | D:6      | 4682 ||| SWAPPING to +0 orcbow.
  4685 | D:6      | 4685 ||| DROPPING +1 shortbow.
  5080 | D:6      | 5080 ||| READING scroll labelled GIGOLO QI YMN.
  5080 | D:6      | 5080 ||| BRANDING +0 orcbow.
  5081 | D:6      | 5081 ||| READING scroll labelled IBUATWAUCE.
  5182 | D:6      | 5182 ||| DRINKING 2 purple potions.
  5183 | D:6      | 5183 ||| DROPPING potion of magic.
  5261 | D:7      | Noticed a troll
  5262 | D:7      | 5262 ||| RETREEEEATING.
  5265 | D:7      | 5265 ||| RETREEEEATING.
  5269 | D:7      | 5269 ||| RETREEEEATING.
  5270 | D:7      | 5270 ||| ZAPPING wand of acid (3) at 1,-3 (troll; floor).
  5271 | D:7      | 5271 ||| DRINKING potion of curing.
  5271 | D:7      | 5271 ||| (to cure confusion)
  5272 | D:7      | 5272 ||| ZAPPING wand of acid (2) at 0,-3 (troll; floor).
  5273 | D:7      | 5273 ||| ZAPPING wand of acid (1) at -1,-2 (troll; floor).
  5274 | D:7      | Reached skill level 10 in Ranged Weapons
  5274 | D:7      | Reached XP level 9. HP: 55/55 MP: 9/9
  5275 | D:7      | Killed a troll
  5280 | D:7      | 5280 ||| FLEEEEING.
  5282 | D:7      | 5282 ||| STAIRDANCE
  5333 | D:6      | 5333 ||| DROPPING wand of flame (13).
  5416 | D:7      | HP: 14/57 [steam dragon] (1)]
  5417 | D:7      | 5417 ||| READING 4 scrolls of teleportation.
  5420 | D:7      | 5420 ||| FLEEEEING.
  5423 | D:7      | 5423 ||| STAIRDANCE
  5681 | D:7      | 5681 ||| RETREEEEATING.
  5682 | D:7      | 5682 ||| RETREEEEATING.
  5683 | D:7      | 5683 ||| RETREEEEATING.
  5684 | D:7      | 5684 ||| RETREEEEATING.
  5699 | D:7      | 5699 ||| FLEEEEING.
  5709 | D:7      | 5709 ||| FLEEEEING.
  5710 | D:7      | 5710 ||| FLEEEEING.
  5712 | D:7      | 5712 ||| STAIRDANCE
  5771 | D:7      | 5771 ||| RETREEEEATING.
  5772 | D:7      | 5772 ||| RETREEEEATING.
  5773 | D:7      | 5773 ||| RETREEEEATING.
  5774 | D:7      | 5774 ||| RETREEEEATING.
  5775 | D:7      | 5775 ||| RETREEEEATING.
  5776 | D:7      | 5776 ||| RETREEEEATING.
  5777 | D:7      | 5777 ||| RETREEEEATING.
  5779 | D:7      | Reached skill level 11 in Ranged Weapons
  5781 | D:7      | 5781 ||| RETREEEEATING.
  5782 | D:7      | 5782 ||| RETREEEEATING.
  5783 | D:7      | 5783 ||| RETREEEEATING.
  5794 | D:7      | Reached skill level 3 in Dodging
  5794 | D:7      | 5794 ||| FLEEEEING.
  5803 | D:7      | 5803 ||| STAIRDANCE
  5974 | D:8      | 5974 ||| Stepping ~*~*~tactically~*~*~ (cloud).
  5978 | D:8      | 5978 ||| FLEEEEING.
  6018 | D:8      | 6018 ||| FLEEEEING.
  6019 | D:8      | 6019 ||| STAIRDANCE
  6142 | D:8      | 6142 ||| RETREEEEATING.
  6166 | D:8      | HP: 9/59 [orc wizard/puff of flame (10)]
  6167 | D:8      | 6167 ||| READING 4 scrolls of teleportation.
  6170 | D:8      | Found a staircase to the Lair.
  6171 | D:8      | 6171 ||| FLEEEEING.
  6172 | D:8      | 6172 ||| FLEEEEING.
  6173 | D:8      | 6173 ||| READING 3 scrolls of teleportation.
  6174 | D:8      | HP: 3/59 [yak (7)]
  6174 | D:8      | Slain by a yak

Levels and vault maps discovered:
D:1:      co_arrival_square_in_a_square_in_a_square, layout_loops_corners,
          hellmonk_ecumenical_altar_run_dry, chequers_serial_rivers_small_a,
          minmay_lizard_king
D:2:      layout_loops_ring, uniq_sigmund
D:3:      cheibrodos_thug_alley, layout_basic, trog_book,
          chequers_temple_overflow_statue_of_worship, serial_curves,
          eino_curves_03, eino_curves_03, eino_curves_04, item_on_display_a,
          uniq_jessica
D:4:      layout_basic, mainiacjoe_overflow_24_doors,
          mainiacjoe_sewer_entry_somewhere_in_here_2,
          serial_library_hellmonk_layered_room, chequers_serial_rivers_micro_b
D:5:      lemuel_ratsnest, layout_rooms, nicolae_ru_sacrificial_ziggurat,
          nemelex_xobeh_ov_fountains_minmay, minmay_temple_entry_waves
D:6:      layout_basic, serial_bayou_pond_e, grunt_decor_one_mirror
D:7:      layout_rooms
D:8:      layout_rooms, okawaru_humans, grunt_lair_entry_orc_guard_hut,
          uniq_pikel
Temple:   grunt_temple_mini_profane

Skill      XL: |  1  2  3  4  5  6  7  8  9 |
---------------+----------------------------+-----
Ranged Weapons | 5 6 7 8 10 11 | 11.2
Fighting       | 3 4 5 6 8 |  8.0
Armour         | 2 3 4 |  4.0
Dodging        | 2 3 |  3.0
Stealth        | |  1.1

Action                     |  1- 3 |  4- 6 |  7- 9 || total
---------------------------+-------+-------+-------++-------
   Fire: Shortbow          |   116 |   100 |   354 ||   570
         Orcbow            |       |       |   156 ||   156
  Evoke: Wand              |       |     8 |     3 ||    11
    Use: Scroll            |     1 |     7 |    10 ||    18
         Potion            |       |     2 |     5 ||     7
 Armour: Leather armour    |    20 |    17 |       ||    37
         Ring mail         |       |    10 |   298 ||   308
  Dodge: Dodged            |    29 |    35 |   209 ||   273

Table legend:
 A = Non-vault XP
 B = Vault XP
 C = Vault XP percentage of total XP
 D = Non-vault monster count
 E = Vault monster count
 F = Vault count percentage of total count
                 A         B        C        D         E       F
            +---------+---------+-------+---------+---------+-------
      Total |    3569 |     930 |  20.7 |     149 |      64 |  30.0
            +---------+---------+-------+---------+---------+-------
        D:1 |      51 |      10 |  16.4 |      30 |      10 |  25.0
        D:2 |      45 |     231 |  83.7 |      21 |       1 |   4.5
        D:3 |      89 |     150 |  62.8 |      16 |      11 |  40.7
        D:4 |     277 |     130 |  31.9 |      23 |      10 |  30.3
        D:5 |     424 |     176 |  29.3 |      11 |      24 |  68.6
        D:6 |     640 |       0 |   0.0 |      12 |       0 |   0.0
        D:7 |    1592 |       0 |   0.0 |      20 |       0 |   0.0
        D:8 |     451 |     171 |  27.5 |      16 |       2 |  11.1
      Sewer |       0 |      62 | 100.0 |       0 |       6 | 100.0
            +---------+---------+-------+---------+---------+-------
